AoeStats
← areozi

Hideout

510055609Analyzed
1v1 RM · 4d ago on Sep 29, 2026· 36m 54s· 2 players
Game mode
Random Map
Map size
Tiny (2 player)
Population
200
Speed
Normal
Resources
Standard
Victory
Conquest
Starting age
Dark Age
Ending age
Imperial Age
RankedLock teamsTeams togetherTeam positionsShared explorationLock speedFull tech treeHidden civsTurbo modeCheats
Victory
Defeat
🇫🇷 Mongols · France
811
+16
🇺🇸 Maya · United States
807
-16
SombreSnow8222
0:38 Loom
11:09 Feudal Age
11:49 Double-Bit Axe
12:09 Man-at-Arms
15:06 Horse Collar
16:44 Arson
19:39 Gold Mining
19:43 Stone Mining
24:59 Castle Age
23:25 Scale Mail Armor
24:19 Forging
24:00 Fletching
25:20 Padded Archer Armor
26:26 Eagle Warrior
27:06 Squires
27:53 Elite Skirmisher
28:31 Pikeman
37:27 Heavy Plow
areozi
6:02 Loom
12:20 Feudal Age
19:49 Castle Age
23:43 Fletching
26:29 Bodkin Arrow
26:30 Double-Bit Axe
30:19 Padded Archer Armor
35:19 Imperial Age
37:21 Conscription
37:10 Town Watch
Connection lost

Rejoining the realm…

Still unreachable

The connection could not be restored.

Session expired

The server has moved on; the page needs a fresh start.